 Dungeon Crawl Stone Soup version 0.16-a0-4060-g00983b4 (webtiles) character file.

187 Chiseanne the Conjurer (level 5, 0/38 HPs)
             Began as a Draconian Conjurer on Feb 21, 2015.
             Succumbed to a gnoll's poison
             ... on level 4 of the Dungeon.
             The game lasted 00:09:08 (2282 turns).

Chiseanne the Conjurer (Draconian Conjurer)         Turns: 2282, Time: 00:09:08

Health: 0/38       AC:  6    Str: 11    XL:     5   Next: 39%
Magic:  10/11      EV: 12    Int: 16    God:
Gold:   59         SH:  0    Dex: 15    Spells: 3 memorised, 4 levels left

rFire  . . .     SeeInvis .     a - +6 mace
rCold  . . .     Clarity  .     (armour unavailable)
rNeg   . . .     SustAb   .     (no shield)
rPois  .         Gourm    .     (helmet restricted)
rElec  .         Spirit   .     (no cloak)
rCorr  .         Warding  .     f - +0 pair of gloves
rMut   .         Stasis   .     (no boots)
MR     .....                    (no amulet)
Stlth  ++........               (no ring)
                                k - +4 ring of dexterity

@: lethally poisoned (0 -> -4), very slightly contaminated, invisible, not
resistant to hostile enchantments, unstealthy
A: unfitting armour, cold-blooded, AC +5
a: no special abilities


You were on level 4 of the Dungeon.
You were very hungry.

You visited 1 branch of the dungeon, and saw 5 of its levels.

You collected 59 gold pieces.

Inventory:

Hand weapons
 a - a +6 mace (weapon)
Armour
 f - a +0 pair of gloves (worn)
Jewellery
 k - a +4 ring of dexterity (left hand)
Scrolls
 e - 2 scrolls of identify
 g - 2 scrolls of remove curse
Potions
 d - a potion of restore abilities
Books
 c - a book of Conjurations

   Spells                             Type                      Level
   a - Magic Dart                     Conjuration                  1
   b - Searing Ray                    Conjuration                  2
   c - Dazzling Spray                 Conjuration/Hexes            3
   d - Fulminant Prism                Conjuration/Hexes            4
   e - Iskenderun's Mystic Blast      Conjuration                  4
   f - Iskenderun's Battlesphere      Conjuration/Charms           5
Comestibles
 b - 2 bread rations


   Skills:
 - Level 1.7 Dodging
 - Level 1.7 Stealth
 * Level 3.2 Spellcasting
 * Level 6.0 Conjurations


You had 4 spell levels left.
You knew the following spells:

 Your Spells              Type           Power        Failure   Level  Hunger
a - Magic Dart            Conj           ###.         1%          1    None
b - Searing Ray           Conj           ###...       2%          2    ##.....
c - Dazzling Spray        Conj/Hex       ##......     17%         3    ###....


Dungeon Overview and Level Annotations

Branches:
Dungeon (5/15)
 Temple: D:4-7

Altars:
Gozag

Annotations:
D:3 Somebody's ghost, average DsNe


Innate Abilities, Weirdness & Mutations

Your plain brown scales are hard (AC +5).
Your body does not fit into most forms of armour.
Your cold-blooded metabolism reacts poorly to cold.


Message History

You see here a halberd.
* * * LOW HITPOINT WARNING * * *
You feel sick.
There is a stone staircase leading down here.
You climb downwards.
A jackal, a giant frog, a kobold and an ogre come into view.
* * * LOW HITPOINT WARNING * * *
You feel sick.
There is a stone staircase leading up here.
An orc comes into view. It is wielding a dagger.
* * * LOW HITPOINT WARNING * * *
You feel sick.
There is an escape hatch in the ceiling here.
A mysterious force pulls you upwards. The hatch slams shut behind you.
* * * LOW HITPOINT WARNING * * *
You feel sick.
Found a robe.
* * * LOW HITPOINT WARNING * * *
You feel sick.
You die...

#.# #.#
#.# #.#
#.# #.#
#.# #.#
#@#
#.........
#.#######
###


There were no monsters in sight!

Vanquished Creatures
  A hound (D:4)
  4 adders
  7 gnolls
  A giant mite (D:2)
  A worm (D:3)
  3 giant geckos
  6 goblins
  A hobgoblin (D:2)
  4 jackals (D:2)
  7 kobolds
  4 bats
  3 giant newts
  A quokka (D:2)
  9 rats
52 creatures vanquished.

Notes
Turn   | Place    | Note
--------------------------------------------------------------
     0 | D:1      | Chiseanne, the Draconian Conjurer, began the quest for the Orb.
     0 | D:1      | Reached XP level 1. HP: 14/14 MP: 3/3
   413 | D:1      | Reached XP level 2. HP: 20/20 MP: 2/4
   417 | D:1      | Learned a level 2 spell: Searing Ray
  1188 | D:2      | Reached XP level 3. HP: 26/26 MP: 0/6
  1250 | D:2      | Found an opulent altar of Gozag.
  1427 | D:2      | Reached skill level 5 in Conjurations
  1498 | D:2      | Reached XP level 4. HP: 24/33 MP: 1/8
  1711 | D:2      | Learned a level 3 spell: Dazzling Spray
  1951 | D:3      | Noticed Somebody's ghost (average DsNe)
  2167 | D:4      | Reached XP level 5. HP: 38/38 MP: 3/11
  2260 | D:4      | Reached skill level 6 in Conjurations
  2276 | D:5      | Entered Level 5 of the Dungeon
  2276 | D:5      | Noticed an ogre
  2280 | D:4      | HP: 1/38 [poisoned by a gnoll]
  2282 | D:4      | Succumbed to a gnoll's poison

Action                   |  1- 3 |  4- 6 || total
-------------------------+-------+-------++-------
Melee: Unarmed           |     7 |       ||     7
       Mace              |    17 |    21 ||    38
 Cast: Magic Dart        |    50 |    37 ||    87
  Use: Scroll            |     6 |     2 ||     8
       Potion            |       |     1 ||     1
  Eat: Chunk             |     2 |     2 ||     4
